 Dungeon Crawl Stone Soup version 0.31-a0-876-gfe8ebadbca (webtiles) character file.

Game seed: 11903371025563279208

135 Gergoth the Magician (level 5, -2/38 HPs)
             Began as a Djinni Hedge Wizard on Oct 13, 2023.
             Slain by a hound (4 damage)
             ... on level 4 of the Dungeon.
             The game lasted 00:04:32 (2042 turns).

Gergoth the Magician (Djinni Hedge Wizard)          Turns: 2042, Time: 00:04:33

Health: -2/38      AC:  3    Str:  9    XL:     5   Next: 41%
Gold:   174        EV: 12    Int: 18    God:
                   SH:  0    Dex: 12

rFire   + + +        e - +2 dagger (vamp)
rCold   x . .        (no shield)
rNeg    . . .        b - +0 robe
rPois   ∞            k - +0 helmet
rElec   .            (no cloak)
rCorr   .            (no gloves)
SInv    .            (boots unavailable)
Will    .....        (no amulet)
Stlth   ++           i - ring of protection from fire
HPRegen 0.26/turn    (no ring)
MPRegen 0.00/turn

%: infuse magic (-3 HP)
@: flying
A: sickness immunity, fire resistance 2, cold vulnerability 1, float, innate
caster, HP casting, extra vitality 1
a: no special abilities


You were on level 4 of the Dungeon.
You visited 1 branch of the dungeon, and saw 4 of its levels.

You collected 174 gold pieces.

Inventory:

Hand Weapons
 e - a +2 vampiric dagger (weapon)
Armour
 b - a +0 robe (worn)
 k - a +0 helmet (worn)
 n - a +0 leather armour
 o - a +0 chain mail
Jewellery
 a - a ring of positive energy
 i - a ring of protection from fire (left hand)
Scrolls
 d - 2 scrolls of identify {unknown}
 f - a scroll of revelation {unknown}
 g - 2 scrolls of poison {unknown}
 l - a scroll of immolation {unknown}
 m - a scroll of noise {unknown}
 p - a scroll of enchant weapon {unknown}
Potions
 c - a potion of degeneration {unknown}
 h - 2 potions of attraction {unknown}
 j - a potion of invisibility {unknown}
 q - a potion of might {unknown}


   Skills:
 + Level 1.8 Fighting
 + Level 1.8 Armour
 + Level 3.1 Dodging
 - Level 1.5 Stealth
 * Level 3.6 Spellcasting
 * Level 3.6 Conjurations
 * Level 3.6 Hexes
   Level 0.0 Charms
 * Level 3.6 Summonings
 * Level 3.6 Necromancy
 * Level 3.6 Translocations
 * Level 3.6 Transmutations
 * Level 3.6 Fire Magic
 * Level 3.6 Ice Magic
 * Level 3.6 Air Magic
 * Level 3.6 Earth Magic
 * Level 3.6 Poison Magic


You knew the following spells:

 Your Spells              Type           Power      Damage    Failure   Level
a - Magic Dart            Conj           64%        1d6       3%          1
b - Slow                  Hex            64%        N/A       3%          1
c - Blink                 Tloc           32%        N/A       5%          2
d - Call Imp              Summ           32%        N/A       5%          2
e - Mephitic Cloud        Conj/Pois/Air  16%        N/A       11%         3
f - Sandblast             Erth           32%        2d9       3%          1
g - Lesser Beckoning      Tloc           32%        N/A       5%          2
Your spell library was empty.

Dungeon Overview and Level Annotations

Branches:
Dungeon (4/15)
 Temple: D:4-7

Altars:
Okawaru
Uskayaw


Innate Abilities, Weirdness & Mutations

You are immune to sickness and miasma.
You are immune to poison.
Your flesh is very heat resistant. (rF++)
You are vulnerable to cold. (rC-)
You float through the air rather than walking.
You learn spells naturally, not from books.
Your magical power is your life essence.
You have superior vitality. (+4 MHP)


Message History

The iguana is heavily wounded.
Your cerulean imp completely misses the iguana.
The iguana bites you!
Casting: Magic Dart (safe; 3% risk of failure)
Confirm with . or Enter, or press ? or * to list all spells.
Aiming: Magic Dart (safe; 3% risk of failure)
Press: ? - help, Shift-Dir - straight line, f/p - iguana
Aim: an iguana (heavily wounded, ally target, 100% to hit)
The magic dart hits the iguana.
The iguana is severely wounded.
Your cerulean imp barely misses the iguana.
The iguana bites you!
* * * LOW HITPOINT WARNING * * *
Casting: Magic Dart (safe; 3% risk of failure)
Confirm with . or Enter, or press ? or * to list all spells.
Okay, then.
Casting: Magic Dart (safe; 3% risk of failure)
Confirm with . or Enter, or press ? or * to list all spells.
Aiming: Sandblast (safe; 3% risk of failure)
Press: ? - help, Shift-Dir - straight line, f/p - iguana
Aim: an iguana (severely wounded, ally target, 84% to hit)
The blast of sand hits the iguana.
The iguana is severely wounded.
* * * LOW HITPOINT WARNING * * *
The hound closely misses you.
Your cerulean imp hits the iguana but does no damage.
The iguana bites your cerulean imp! The hound bites you.
* * * LOW HITPOINT WARNING * * *
Your cerulean imp hits the iguana but does no damage.
Casting: Sandblast (safe; 3% risk of failure)
Confirm with . or Enter, or press ? or * to list all spells.
Aiming: Sandblast (safe; 3% risk of failure)
Press: ? - help, Shift-Dir - straight line, f/p - iguana
Aim: an iguana (severely wounded, not watching you, ally target, 84% to hit)
The blast of sand misses the iguana.
* * * LOW HITPOINT WARNING * * *
The hound barely misses you. The iguana bites your cerulean imp.
Your cerulean imp barely misses the iguana.
The hound bites you.
You die...

..+..................
..#...................#.
..#................#....
..#.#.#.#..........#..#.
.#.#.#.#.#...#..........
..#.#+#.#....+..........
#..#.....#.#.#..%5......
#.+.....+#.#.#..l......
#.....(...#.#@#.....
#..............h......
#....#............|...
.....+#.#.#...........
.....#.#.#.#.#......#.
#.#.#.#.#.........
+#.#.#.# ...#.....
.....# .........


You could see an iguana (distracted, ally target), a hound and a friendly
cerulean imp (summoned).

Vanquished Creatures
  An iguana (D:4)
  Terence (D:2)
  3 adders
  An ufetubus (D:4)
  4 worms
  An orc (D:3)
  3 ball pythons
  4 bats
  3 endoplasms
  2 giant cockroaches (D:2)
  2 goblins
  5 hobgoblins
  A jackal (D:2)
  2 quokkas
  4 frilled lizards
  4 kobolds
  3 rats
44 creatures vanquished.

Notes
Turn   | Place    | Note
-------+----------+-------------------------------------------
     0 | D:1      | Gergoth the Djinni Hedge Wizard began the quest for the
                  | Orb.
     0 | D:1      | Gergoth set off with the following spells memorised: Magic
                  | Dart, Slow, Blink, Call Imp, Mephitic Cloud.
     0 | D:1      | Reached XP level 1. HP: 15/15 MP: 0/0
   244 | D:1      | Reached XP level 2. HP: 22/22 MP: 0/0
   275 | D:1      | You are sucked into a shaft and drop 1 floor!
   284 | D:2      | Found an iron altar of Okawaru.
   344 | D:2      | Reached XP level 3. HP: 20/26 MP: 0/0
   344 | D:2      | Learned a level 1 spell: Sandblast
   560 | D:2      | Reached skill level 1 in Fighting
   560 | D:2      | Reached skill level 1 in Armour
   942 | D:2      | Reached XP level 4. HP: 27/32 MP: 0/0
  1053 | D:2      | Noticed Terence
  1068 | D:2      | Killed Terence
  1191 | D:3      | Found a hide-covered altar of Uskayaw.
  1648 | D:3      | Reached XP level 5. HP: 36/37 MP: 0/0
  1648 | D:3      | Learned a level 2 spell: Lesser Beckoning
  2042 | D:4      | Slain by a hound

Illustrated notes

Levels and vault maps discovered:
D:1:      amcnicky_arrival_gap_in_the_tavern_cellar, layout_basic,
          hangedman_glass_garden, hangedman_decor_opposing, minmay_box_of_dots
D:2:      layout_basic, serial_corexii_hall, corexii_hall_statues_l,
          corexii_hall_statues_s, basic_altar, minmay_hexomino_u4, uniq_terence
D:3:      layout_loops_ring, mainiacjoe_overflow_concentric_impassable,
          minmay_quadrilaterals
D:4:      layout_basic, marbit_many_paths, mainiacjoe_overflow_brackets,
          minmay_cupped

Skill      XL: |  1  2  3  4 |
---------------+-------------+-----
Spellcasting   | 3 |  3.6
Conjurations   | 3 |  3.6
Hexes          | 3 |  3.6
Summonings     | 3 |  3.6
Necromancy     | 3 |  3.6
Translocations | 3 |  3.6
Transmutations | 3 |  3.6
Fire Magic     | 3 |  3.6
Ice Magic      | 3 |  3.6
Air Magic      | 3 |  3.6
Earth Magic    | 3 |  3.6
Poison Magic   | 3 |  3.6
Fighting       | 1 |  1.8
Armour         | 1 |  1.8
Dodging        | 3 |  3.1
Stealth        | |  1.5

Action                     |  1- 3 |  4- 6 || total
---------------------------+-------+-------++-------
  Melee: Dagger            |    31 |    11 ||    42
   Cast: Magic Dart        |    51 |    60 ||   111
         Sandblast         |     2 |     9 ||    11
         Call Imp          |       |     3 ||     3
   Stab: Sleeping          |       |     3 ||     3
 Armour: Robe              |    19 |    15 ||    34
  Dodge: Dodged            |    21 |    15 ||    36

Table legend: (Time is in decaauts)
 A = Elapsed time spent in this place.
 B = Non-inter-level travel time spent in this place.
 C = Inter-level travel time spent in this place.
 D = Time resting spent in this place.
 E = Time spent auto-exploring this place.
 F = Levels seen in this place.
 G = Mean time per level.
                   A        B        C        D        E       F      G
               +--------+--------+--------+--------+--------+-----+--------+
         Total |   2045 |   1998 |     47 |    227 |   1375 |   4 |  511.2 |
       Dungeon |   2045 |   1998 |     47 |    227 |   1375 |   4 |  511.2 |
               +--------+--------+--------+--------+--------+-----+--------+

Top non-repeatable levels by time:
     D:2: 919 daAuts
     D:3: 728 daAuts
     D:1: 274 daAuts
     D:4: 122 daAuts
